 Dungeon Crawl Stone Soup version 0.22.0-16-gc6d26f69f9 (webtiles) character file.

10962 Rrauwl the Spear-Bearer (level 11, 0/67 HPs)
             Began as a Tengu Warper on Aug 18, 2018.
             Was a High Priest of Zin.
             Slain by a five-headed hydra (3 damage)
             ... on level 2 of the Lair of Beasts.
             The game lasted 00:32:56 (10573 turns).

Rrauwl the Spear-Bearer (Tengu Warper)             Turns: 10573, Time: 00:32:57

Health: 0/67       AC:  7    Str: 21    XL:     11   Next: 70%
Magic:  18/18      EV: 15    Int: 16    God:    Zin [*****.]
Gold:   783        SH:  0    Dex: 14    Spells: 16/18 levels left

rFire    . . .     SeeInvis +   a - +1 spear (elec)
rCold    . . .     Gourm    .   (no shield)
rNeg     . . .     Faith    .   u - +0 leather armour "Jehics" {Regen+ Str+2} (curse)
rPois    ∞         Spirit   .   c - +2 hat {SInv}
rElec    .         Reflect  .   v - +0 cloak
rCorr    .         Harm     .   (no gloves)
MR       .....                  (boots unavailable)
Stlth    +.........             p - amulet of magic regeneration
HPRegen  0.61/turn              o - +4 ring of strength
MPRegen  0.41/turn              h - ring of flight

@: vitalised, drained
A: beak, talons 3, able to fly 1
a: Fly, Recite, Vitalisation, Imprison, Sanctuary, Donate Gold, Renounce
Religion, Evoke Flight


You were on level 2 of the Lair of Beasts.
You worshipped Zin.
Zin was extremely pleased with you.
You were not hungry.

You visited 3 branches of the dungeon, and saw 13 of its levels.

You collected 870 gold pieces.
You donated 87 gold pieces to Zin.

Inventory:

Hand Weapons
 a - a +1 spear of electrocution (weapon)
 j - the +0 halberd of Dung {chop, Int+3}
   (You acquired it on level 1 of the Lair of Beasts)

   It inflicts extra damage upon your enemies.
   It affects your intelligence (+3).
Missiles
 m - 7 tomahawks (quivered)
Armour
 c - a +2 hat of see invisible (worn)
 u - the cursed +0 leather armour "Jehics" (worn) {Regen+ Str+2}
   (You found it on level 5 of the Dungeon)

   It affects your strength (+2).
   It increases your rate of regeneration.
   It has a curse placed upon it.
 v - a +0 cloak (worn)
Jewellery
 h - a ring of flight (right hand)
 o - a +4 ring of strength (left hand)
 p - an amulet of magic regeneration (around neck)
Wands
 r - a wand of digging (13)
 s - a wand of paralysis (16)
Scrolls
 b - 11 scrolls of teleportation
 d - a scroll of blinking
 i - 6 scrolls of identify
 l - 7 scrolls of remove curse
 q - a scroll of magic mapping
Potions
 n - 2 potions of magic
 w - a potion of curing
Miscellaneous
 y - a phial of floods
Comestibles
 e - 20 rations
 f - 3 chunks of flesh


   Skills:
 + Level 7.4(6.2) Fighting
 + Level 12.3(11.0) Polearms
 - Level 1.0(0.0) Throwing
 + Level 7.2(6.1) Armour
 + Level 7.2(6.1) Dodging
 - Level 4.0(2.9) Spellcasting
 - Level 4.0(2.9) Translocations
 - Level 4.1(3.0) Invocations
 - Level 4.0(2.9) Evocations


You had 16 spell levels left.
You knew the following spells:

 Your Spells              Type           Power        Failure   Level  Hunger
a - Blink                 Tloc           N/A          10%         2    ##.....

Your spell library contained the following spells:

 Spells                   Type           Power        Failure   Level  Hunger
 Magic Dart               Conj           #...         22%         1    #......
 Teleport Other           Tloc           ##......     19%         3    ###....
 Iskenderun's Mystic Bla  Conj           #.......     91%         4    #####..
 Passage of Golubria      Tloc           N/A          54%         4    #####..
 Shroud of Golubria       Chrm/Tloc      #.........   19%         2    ##.....
 Fulminant Prism          Conj/Hex       #.........   91%         4    #####..
 Dazzling Spray           Conj/Hex       #.....       54%         3    ###....
 Force Lance              Conj/Tloc      #.......     75%         4    #####..
 Searing Ray              Conj           #.....       32%         2    ##.....
 Gell's Gravitas          Tloc           ##........   19%         3    ###....
 Lesser Beckoning         Tloc           ##........   19%         3    ###....


Dungeon Overview and Level Annotations

Branches:
Dungeon (10/15)            Temple (1/1) D:5            Lair (2/6) D:10
  Swamp: Lair:2-4    Shoals: Lair:2-4     Snake: Lair:2-4    Spider: Lair:2-4
    Orc: D:9-12

Altars:
Ashenzari
Cheibriados
Dithmenos
Elyvilon
Fedhas
Gozag
Hepliaklqana
Kikubaaqudgha
Makhleb
Nemelex Xobeh
Okawaru
Qazlal
Ru
Sif Muna
Trog
Uskayaw
Vehumet
Wu Jian
Xom
Yredelemnul
Zin
The Shining One

Annotations:
Lair:1 Sonja


Innate Abilities, Weirdness & Mutations

You have a beak for a mouth.
You have claws for feet.
You can fly.


Message History

The five-headed hydra bites you!
* * * LOW HITPOINT WARNING * * *
The five-headed hydra barely misses you.
The five-headed hydra completely misses you.
The five-headed hydra bites you.
* * * LOW HITPOINT WARNING * * *
The blink frog hits you!
* * * LOW HITPOINT WARNING * * *
The blink frog blinks!
Unknown command.
Unknown command.
Unknown command.
You hit the five-headed hydra. Your peck misses the five-headed hydra.
The five-headed hydra is severely wounded.
The five-headed hydra bites you!
* * * LOW HITPOINT WARNING * * *
The five-headed hydra bites you! Zin protects you from harm!
The five-headed hydra misses you. The five-headed hydra bites you.
You die...

#P.## #.....≈≈§ ####...#
#D...... ##.....# ......≈
..#....############ #F..>##
#.............#P..####F....##
..................§.#.......##
......P.............FF........
.....##.......FFD####.##.#.#..
.....###......#P@# ### #
...#.# #..#..##### ..####
##..### ### #P.# # ####


You could see a five-headed hydra and 2 blink frogs.

Vanquished Creatures
  Gastronok (D:8)
  A hydra (Lair:1)
  2 two-headed ogres
  Maurice (D:9)
  A rime drake (Lair:1)
  A komodo dragon (D:10)
  Grinder (D:5)
  A hornet (D:9)
  A blink frog (Lair:2)
  A hippogriff (D:10)
  9 yaks (Lair:1)
  A basilisk (Lair:2)
  2 hungry ghosts (D:9)
  Menkaure (D:5)
  2 water moccasins (Lair:1)
  A porcupine (Lair:1)
  A black bear (Lair:2)
  5 ogres
  2 orc warriors
  2 phantoms
  3 sky beasts
  6 ice beasts
  2 centaurs
  8 bullfrogs
  A water moccasin zombie (D:6)
  2 scorpions
  5 howler monkeys
  5 crimson imps
  A bullfrog zombie (D:5)
  2 quasits
  2 centaur skeletons
  A jelly (D:9)
  6 hounds
  4 orc wizards
  A bullfrog skeleton (D:8)
  Terence (D:2)
  An iguana (D:7)
  7 worker ants
  8 adders
  A howler monkey skeleton (D:5)
  3 shadow imps
  An ooze (D:4)
  An adder zombie (D:6)
  A worm (D:4)
  3 dart slugs (D:1)
  2 leopard geckos
  20 orcs
  6 giant cockroaches
  2 goblins
  12 hobgoblins
  20 jackals
  6 kobolds
  3 quokkas
  2 ball pythons
  2 bats (D:1)
  2 frilled lizards
  5 rats
195 creatures vanquished.

Vanquished Creatures (others)
  8 plants (D:10)
8 creatures vanquished.

Grand Total: 203 creatures vanquished

Notes
Turn   | Place    | Note
-------+----------+-------------------------------------------
     0 | D:1      | Rrauwl the Tengu Warper began the quest for the Orb.
     0 | D:1      | Reached XP level 1. HP: 12/12 MP: 4/4
    74 | D:1      | Reached XP level 2. HP: 5/17 MP: 6/6
   560 | D:1      | Reached XP level 3. HP: 15/21 MP: 7/7
   855 | D:1      | Learned a level 2 spell: Blink
  1074 | D:2      | Reached skill level 3 in Polearms
  1075 | D:2      | Found a white marble altar of Elyvilon.
  1087 | D:2      | Became a worshipper of Elyvilon the Healer
  1283 | D:2      | Noticed Terence
  1295 | D:2      | Killed Terence
  1295 | D:2      | Reached XP level 4. HP: 13/26 MP: 8/8
  1985 | D:3      | Reached skill level 4 in Polearms
  1985 | D:3      | Gained mutation: You can fly. [Tengu growth]
  1985 | D:3      | Reached XP level 5. HP: 16/30 MP: 9/9
  2131 | D:3      | Found a blossoming altar of Fedhas.
  2181 | D:3      | Reached * piety under Elyvilon
  2701 | D:3      | Noticed a dagger
  2701 | D:3      | Noticed a dagger
  2704 | D:3      | Found a hide-covered altar of Uskayaw.
  2866 | D:4      | Reached ** piety under Elyvilon
  3502 | D:4      | Reached skill level 5 in Polearms
  3682 | D:5      | Entered Level 5 of the Dungeon
  3682 | D:5      | Found a staircase to the Ecumenical Temple.
  3703 | D:5      | Reached XP level 6. HP: 17/35 MP: 10/10
  3706 | Temple   | Entered the Ecumenical Temple
  3706 | Temple   | Reached *** piety under Elyvilon
  3942 | Temple   | Fell from the grace of Elyvilon
  3942 | Temple   | Became a worshipper of Zin the Law-Giver
  3942 | Temple   | Reached * piety under Zin
  3942 | Temple   | Reached ** piety under Zin
  4075 | D:5      | Reached skill level 6 in Polearms
  4078 | D:5      | Noticed a phantom
  4106 | D:5      | Killed a phantom
  4150 | D:5      | Reached skill level 7 in Polearms
  4161 | D:5      | Reached *** piety under Zin
  4215 | D:5      | Reached XP level 7. HP: 40/40 MP: 11/11
  4426 | D:5      | Got a scorched leather armour
  4437 | D:5      | Identified the cursed +0 leather armour "Jehics" {Regen+ Str+2} (You found it on level 5 of the Dungeon)
  4488 | D:5      | Noticed Menkaure
  4497 | D:5      | Killed Menkaure
  4497 | D:5      | Reached skill level 8 in Polearms
  4612 | D:5      | Noticed Grinder
  4627 | D:5      | Paralysed by Grinder for 4 turns
  4634 | D:5      | Killed Grinder
  4634 | D:5      | Reached skill level 9 in Polearms
  4634 | D:5      | Reached XP level 8. HP: 42/44 MP: 12/12
  4746 | D:5      | Reached **** piety under Zin
  5035 | D:6      | Found a bloodstained altar of Trog.
  5222 | D:6      | HP: 2/44 [centaur (2)]
  5335 | D:6      | Reached skill level 10 in Polearms
  5577 | D:6      | Reached skill level 11 in Polearms
  6104 | D:7      | You fall through a shaft for 3 floors!
  6104 | D:10     | Entered Level 10 of the Dungeon
  6167 | D:8      | Reached XP level 9. HP: 41/48 MP: 13/13
  6209 | D:8      | Reached skill level 12 in Polearms
  6303 | D:8      | Found a sacrificial altar of Ru.
  6319 | D:8      | Found a basalt altar of Yredelemnul.
  6321 | D:8      | Found an opulent altar of Gozag.
  6321 | D:8      | Found an ancient bone altar of Kikubaaqudgha.
  6323 | D:8      | Found a snail-covered altar of Cheibriados.
  6323 | D:8      | Found an ornate altar of the Wu Jian Council.
  6323 | D:8      | Found a radiant altar of Vehumet.
  6440 | D:8      | Noticed Gastronok
  6460 | D:8      | Killed Gastronok
  6460 | D:8      | Reached XP level 10. HP: 56/56 MP: 13/16
  6470 | D:8      | Found a shattered altar of Ashenzari.
  6704 | D:8      | Reached ***** piety under Zin
  7155 | D:8      | Noticed a two-headed ogre
  7303 | D:7      | Found a stormy altar of Qazlal.
  7471 | D:7      | Reached skill level 5 in Armour
  7471 | D:7      | Reached skill level 5 in Dodging
  7769 | D:8      | Killed a two-headed ogre
  7933 | D:9      | Noticed Maurice
  7954 | D:9      | Killed Maurice
  8722 | D:10     | Reached XP level 11. HP: 45/62 MP: 18/18
  8830 | D:10     | Reached skill level 5 in Fighting
  8950 | D:10     | Noticed a two-headed ogre
  8960 | D:10     | Killed a two-headed ogre
  9053 | D:10     | Found a staircase to the Lair.
  9399 | Lair:1   | Entered Level 1 of the Lair of Beasts
  9578 | Lair:1   | Identified a scroll of acquirement
  9579 | Lair:1   | Got an ancient halberd
  9580 | Lair:1   | Identified the +0 halberd of Dung {chop, Int+3} (You acquired it on level 1 of the Lair of Beasts)
  9912 | Lair:1   | Noticed Sonja
 10035 | Lair:1   | Noticed an eight-headed hydra
 10042 | Lair:1   | Zin protects you from harm!
 10050 | Lair:1   | Killed an eight-headed hydra
 10554 | Lair:2   | Noticed a five-headed hydra
 10573 | Lair:2   | HP: 3/67 [five-headed hydra (7)]
 10573 | Lair:2   | Zin protects you from harm!
 10573 | Lair:2   | Slain by a five-headed hydra

Skill      XL: |  1  2  3  4  5  6  7  8  9 10 11 |
---------------+----------------------------------+-----
Armour         | 2 3 4 6 7 |  7.2
Dodging        | 3 4 6 7 |  7.2
Polearms       | 3 4 5 7 9 11 12 | 12.3
Fighting       | 3 4 7 |  7.4
Spellcasting   | 3 4 |  4.0
Translocations | 3 4 |  4.0
Invocations    | 2 4 |  4.1
Evocations     | 2 4 |  4.0
Throwing       | |  1.0

Action                   |  1- 3 |  4- 6 |  7- 9 | 10-12 || total
-------------------------+-------+-------+-------+-------++-------
Melee: Spear             |    96 |   244 |   244 |   420 ||  1004
       Kick              |    14 |    53 |    75 |    96 ||   238
       Peck              |     9 |    29 |    48 |    72 ||   158
Throw: Tomahawk          |     3 |       |       |     6 ||     9
Invok: Recite            |       |       |       |     5 ||     5
       Vitalisation      |       |       |       |     3 ||     3
Evoke: Wand              |       |       |     6 |     3 ||     9
  Use: Scroll            |     7 |     5 |     2 |     3 ||    17
       Potion            |     5 |     5 |     6 |     5 ||    21
 Stab: Sleeping          |     2 |       |     1 |     2 ||     5
       Invisible         |     1 |       |     1 |       ||     2
       Paralysed         |       |       |     3 |       ||     3
  Eat: Chunk             |     1 |     4 |     6 |     7 ||    18
       Ration            |       |     2 |       |     3 ||     5
Armor: Robe              |     4 |       |       |       ||     4
       Chain mail        |       |    91 |     2 |       ||    93
       Leather armour    |       |       |    15 |    39 ||    54
Dodge: Dodged            |    48 |    48 |    55 |   127 ||   278
